 Dungeon Crawl Stone Soup version 0.31-a0-702-gf82c85558f (webtiles) character file.

Game seed: 12461705316353768385

65 qw the Shooter (level 4, -8/28 HPs)
             Began as a Gargoyle Hunter on Sept 8, 2023.
             Killed by divine providence
             ... invoked by an orc priest
              (16 damage)
             ... on level 3 of the Dungeon.
             The game lasted 00:00:38 (1602 turns).

qw the Shooter (Gargoyle Hunter)                    Turns: 1602, Time: 00:00:38

Health: -8/28      AC: 13    Str: 14    XL:     4   Next: 14%
Magic:  4/4        EV: 11    Int: 10    God:
Gold:   110        SH:  0    Dex: 15    Spells: 3/3 levels left

rFire   . . .        Y - +0 shortbow
rCold   . . .        (shield currently unavailable)
rNeg    + + .        f - +3 leather armour
rPois   inf          (no helmet)
rElec   +            (no cloak)
rCorr   .            (no gloves)
SInv    .            (no boots)
Will    .....        (no amulet)
Stlth   ++           h - ring of positive energy
HPRegen 0.24/turn    j - +4 ring of protection
MPRegen 0.09/turn

%: no passive effects
@: no status effects
A: sickness immunity, AC +3, negative energy resistance 1, electricity
resistance, torment resistance 1, petrification resistance
a: no special abilities


You were on level 3 of the Dungeon.
You visited 1 branch of the dungeon, and saw 3 of its levels.

You collected 110 gold pieces.


Innate Abilities, Weirdness & Mutations

You are immune to sickness and miasma.
Your stone body is resilient. (AC +3)
You are immune to poison.
You resist negative energy. (rN+)
You are resistant to electric shocks. (rElec)
You are resistant to unholy torment.
You are immune to petrification.


   Skills:
 - Level 3.0 Fighting
 + Level 5.2 Ranged Weapons
 - Level 1.5 Dodging
 - Level 1.1 Stealth


You had 3 spell levels left.
You didn't know any spells.
Your spell library was empty.

Inventory:

Hand Weapons
 Y - a +0 shortbow (weapon)
Armour
 f - a +3 leather armour (worn)
Jewellery
 h - a ring of positive energy (left hand)
 j - a +4 ring of protection (right hand)
Scrolls
 e - a scroll of enchant armour
Potions
 a - a potion of lignification {unknown}
 b - a potion of heal wounds {unknown}
 g - a potion of curing {unknown}
 i - 2 potions of magic {unknown}

Dungeon Overview and Level Annotations

Branches:
Dungeon (3/15)

Altars:


Message History

The ball python closely misses you. The ball python grabs you.
The ball python constricts you.
You shoot an arrow.
The arrow hits the ball python but does no damage.
The ball python barely misses you. The ball python constricts you.
The orc priest barely misses you.
You shoot an arrow. The arrow hits the ball python.
The ball python is severely wounded.
The ball python bites you but does no damage.
The ball python constricts you. The orc priest barely misses you.
The ball python bites you. The ball python constricts you.
You shoot an arrow. The arrow hits the ball python!
You kill the ball python!
The orc priest hits you with a +0 short sword.
You shoot an arrow.
The arrow hits the orc priest but does no damage.
The orc priest hits you but does no damage.
The frilled lizard bites you.
You shoot an arrow. The arrow hits the orc priest.
The orc priest is heavily wounded.
The orc priest invokes the aid of Beogh against you.
You barely resist. The frilled lizard barely misses you.
The frilled lizard closely misses you. The orc priest closely misses you.
You shoot an arrow. The arrow hits the orc priest.
The orc priest is severely wounded.
The orc priest hits you but does no damage.
The frilled lizard misses you.
You shoot an arrow.
The arrow hits the orc priest but does no damage.
The orc priest is severely wounded.
The orc priest invokes the aid of Beogh against you.
Beogh smites you!
The frilled lizard bites you but does no damage.
You shoot an arrow.
The arrow hits the orc priest but does no damage.
The orc priest is severely wounded.
The orc priest mumbles some strange prayers to Beogh against you.
Beogh smites you!
Ouch! That really hurt!
You die...

.... ... ... #)# #>
#..##)# ... ..##.#
#.# #..... #.# #..#.#
#.# #..#l# # #.#
#..#@####.#
.##.###.###....o....#
.................####
#####............#
#.<####.....## #..#
#....## #... #.#.##
#.##. #.### #. .##.#


You could see an orc priest and a frilled lizard.

Vanquished Creatures
  2 worms (D:2)
  5 orcs (D:3)
  A bat (D:1)
  4 endoplasms (D:2)
  4 giant cockroaches (D:1)
  6 goblins
  4 hobgoblins
  2 jackals (D:1)
  2 quokkas
  7 ball pythons
  4 frilled lizards
  5 kobolds
  2 rats
48 creatures vanquished.

Notes
Turn   | Place    | Note
-------+----------+-------------------------------------------
     0 | D:1      | qw the Gargoyle Hunter began the quest for the Orb.
     0 | D:1      | Reached XP level 1. HP: 12/12 MP: 1/1
     0 | D:1      | 0 ||| qw: Version: 0.3-a-76-g4403597
     0 | D:1      | 0 ||| qw: Game counter: 992
     0 | D:1      | 0 ||| qw: Melee chars always use a shield: true
     0 | D:1      | 0 ||| qw: God list: Okawaru
     0 | D:1      | 0 ||| qw: Allow faded altars: false
     0 | D:1      | 0 ||| qw: Do Orc after clearing Dungeon:15 true
     0 | D:1      | 0 ||| qw: Do second Lair branch before Depths: true
     0 | D:1      | 0 ||| qw: Lair rune preference: random
     0 | D:1      | 0 ||| qw: Goals: Normal
     0 | D:1      | 0 ||| PLANNING D:1-11
   139 | D:1      | Reached XP level 2. HP: 17/17 MP: 2/2
   737 | D:1      | 737 ||| UPGRADING to ring of positive energy.
   738 | D:1      | 738 ||| READING 2 scrolls labelled TEH ITUMEPPU.
   739 | D:1      | 739 ||| READING 2 scrolls labelled TOPAKO TICESM.
   740 | D:1      | 740 ||| READING scroll labelled MER FIQOJUON.
   741 | D:1      | 741 ||| DROPPING scroll of poison.
   742 | D:1      | 742 ||| DROPPING scroll of butterflies.
   851 | D:2      | Reached XP level 3. HP: 17/21 MP: 3/3
   882 | D:2      | Reached skill level 5 in Ranged Weapons
  1068 | D:2      | Reached skill level 3 in Fighting
  1438 | D:2      | 1438 ||| UPGRADING to +3 leather armour.
  1448 | D:2      | 1448 ||| DROPPING +0 leather armour.
  1449 | D:2      | 1449 ||| UPGRADING to +4 ring of protection.
  1450 | D:2      | 1450 ||| READING scroll labelled YDGHIPPIYHI.
  1454 | D:2      | 1454 ||| READING scroll labelled GUEZENWAEK.
  1455 | D:2      | 1455 ||| READING scroll labelled ZUG SIDUOPA.
  1586 | D:3      | Reached XP level 4. HP: 28/28 MP: 4/4
  1602 | D:3      | Killed from afar by an orc priest

Levels and vault maps discovered:
D:1:      lightli_arrival_flooded_house, layout_loops_ring
D:2:      layout_loops_ring, minmay_tree_intersection, st_stairs_3,
          kennysheep_boxes
D:3:      layout_loops_ring, mainiacjoe_overflow_cross_hatched,
          dreamdust_ecumenical_altar_hidden_monk_grotto

Skill      XL: |  1  2  3 |
---------------+----------+-----
Ranged Weapons | 5 |  5.2
Fighting       | 3 |  3.0
Dodging        | |  1.5
Stealth        | |  1.1

Action                     |  1- 3 |  4- 6 || total
---------------------------+-------+-------++-------
   Fire: Shortbow          |   143 |    17 ||   160
    Use: Scroll            |     6 |       ||     6
 Armour: Leather armour    |    27 |    11 ||    38
  Dodge: Dodged            |    26 |    14 ||    40

Table legend:
 A = Non-vault XP
 B = Vault XP
 C = Vault XP percentage of total XP
 D = Non-vault monster count
 E = Vault monster count
 F = Vault count percentage of total count
                 A         B        C        D         E       F
            +---------+---------+-------+---------+---------+-------
      Total |      91 |       3 |   3.2 |      46 |       2 |   4.2
            +---------+---------+-------+---------+---------+-------
        D:1 |      28 |       0 |   0.0 |      17 |       0 |   0.0
        D:2 |      46 |       3 |   6.1 |      22 |       2 |   8.3
        D:3 |      17 |       0 |   0.0 |       7 |       0 |   0.0
            +---------+---------+-------+---------+---------+-------
